 Dungeon Crawl Stone Soup version 0.29-a0-356-g7bc237e783 (webtiles) character file.

Game seed: 15387330746095692938

633 kevlar127 the Ruffian (level 7, -5/71 HPs)
             Began as a Troll Berserker on Apr 25, 2022.
             Was a Priest of Trog.
             Slain by a gnoll
             ... wielding a +0 halberd
              (9 damage)
             ... on level 5 of the Dungeon.
             The game lasted 00:16:20 (3665 turns).

kevlar127 the Ruffian (Troll Berserker)             Turns: 3665, Time: 00:16:20

Health: -5/71      AC:  5    Str: 28    XL:     7   Next: 24%
Magic:  6/6        EV: 10    Int:  9    God:    Trog [***...]
Gold:   168        SH:  0    Dex:  9    Spells: 6/6 levels left

rFire   . . .      SeeInvis .     - Unarmed
rCold   + + .      Faith    .   (no shield)
rNeg    . . .      Spirit   .   o - +1 robe of the Flute {rElec rC+ Stlth+}
rPois   .          Reflect  .   (helmet restricted)
rElec   +          Harm     .   (no cloak)
rCorr   .          Rampage  .   (gloves unavailable)
Will    ++...                   (boots unavailable)
Stlth   ++........              (no amulet)
HPRegen 2.01/turn               t - +6 ring of intelligence
MPRegen 0.10/turn               u - ring of protection from cold

@: strong-willed, regenerating
A: large, unfitting armour, claws 3, regeneration 1, shaggy fur 1, tough skin 1
a: Renounce Religion, Berserk, Trog's Hand


You were on level 5 of the Dungeon.
You worshipped Trog.
Trog was most pleased with you.
You visited 1 branch of the dungeon, and saw 5 of its levels.

You collected 168 gold pieces.

Inventory:

Missiles
 g - 6 boomerangs (quivered)
 h - 18 poisoned darts
 i - 66 stones
 A - 5 javelins
 C - 2 throwing nets
Armour
 a - a +0 animal skin
 o - the +1 robe of the Flute (worn) {rElec rC+ Stlth+}
   (You found it on level 4 of the Dungeon)

   rC:        It protects you from cold.
   rElec:     It insulates you from electricity.
   Stlth:     It makes you more stealthy.
Jewellery
 t - a +6 ring of intelligence (left claw)
 u - a ring of protection from cold (right claw)
 w - a ring of positive energy
Wands
 n - a wand of digging (4)
Scrolls
 b - 2 scrolls of blinking {unknown}
 c - a scroll of acquirement {unknown}
 d - a scroll of teleportation {unknown}
 l - a scroll of enchant weapon {unknown}
 p - a scroll of fear {unknown}
 q - 5 scrolls of identify {unknown}
 r - a scroll of enchant armour {unknown}
 s - 2 scrolls of amnesia {unknown}
 v - a scroll of immolation {unknown}
 y - a scroll of magic mapping {unknown}
 z - a scroll of vulnerability {unknown}
 B - a scroll of brand weapon {unknown}
Potions
 e - a potion of haste {unknown}
 f - a potion of degeneration {unknown}
 j - a potion of cancellation {unknown}
 k - a potion of curing {unknown}
 m - a potion of ambrosia {unknown}
 x - a potion of lignification {unknown}


   Skills:
 + Level 4.3 Fighting
 + Level 3.4 Throwing
 - Level 3.0 Dodging
 + Level 5.4 Unarmed Combat


You had 6 spell levels left.
You didn't know any spells.
Your spell library was empty.

Dungeon Overview and Level Annotations

Branches:
Dungeon (5/15)
 Temple: D:4-7

Altars:

Shops:
D:1 (   D:2 =   D:4 (


Innate Abilities, Weirdness & Mutations

You are too large for most types of armour.
You have claws for hands.
Your natural rate of healing is unusually fast.
You are covered in fur. (AC +1)
You have tough skin. (AC +1)


Message History

The gnoll barely misses you. x2
The gnoll sergeant hits you from afar with a +1 vorpal spear.
The gnoll hits you with a +0 flail.
The quokka twitches its whiskers.
You claw the gnoll!
You kill the gnoll!
Trog accepts your kill.
The gnoll sergeant hits you from afar with a +1 vorpal spear!
The gnoll barely misses you. The gnoll hits you with a +0 whip.
You barely miss the gnoll.
The quokka bites you but does no damage.
The gnoll barely misses you.
The gnoll sergeant hits you but does no damage.
The gnoll barely misses you.
You scratch the gnoll.
The gnoll is heavily wounded.
The quokka bites you but does no damage.
The gnoll barely misses you. x2; The gnoll sergeant closely misses you.
You claw the gnoll!
You kill the gnoll!
Trog accepts your kill. The quokka bites you.
The gnoll sergeant hits you from afar with a +1 vorpal spear.
The gnoll closely misses you.
Your skin crawls.
You feel strong-willed. The quokka bites you.
The gnoll hits you from afar with a +0 halberd!
* * * LOW HITPOINT WARNING * * *
The gnoll sergeant hits you from afar with a +1 vorpal spear.
* * * LOW HITPOINT WARNING * * *
x2 The quokka bites you but does no damage.
You claw the quokka!
You kill the quokka!
Trog accepts your kill. The gnoll hits you but does no damage.
The gnoll sergeant barely misses you.
The gnoll sergeant hits you from afar with a +1 vorpal spear!
* * * LOW HITPOINT WARNING * * *
x2 The gnoll hits you from afar with a +0 halberd!
You die...

#. .......# #.
#......#
#####.###......#######
#.........##.....#....
#.........#....../....
#.....................
#...........g.g.......
....)..<.....)).......
#.............@.......
##########............
##...........
##.....#.... #######
###


You could see a gnoll sergeant and a gnoll.

Vanquished Creatures
  A water moccasin (D:4)
  A black bear (D:4)
  A necrophage (D:4)
  A scorpion (D:4)
  A hound (D:4)
  A gnoll shaman (D:4)
  An iguana (D:4)
  Natasha (D:2)
  Robin (D:2)
  6 gnolls
  4 adders
  A worm (D:2)
  A dart slug (D:1)
  5 orcs
  11 ball pythons
  5 endoplasms
  6 giant cockroaches
  12 goblins (D:2)
  11 hobgoblins
  6 kobolds
  2 quokkas
  4 bats
  4 frilled lizards
  7 rats
94 creatures vanquished.

Notes
Turn   | Place    | Note
-------+----------+-------------------------------------------
     0 | D:1      | kevlar127 the Troll Berserker began the quest for the Orb.
     0 | D:1      | Reached XP level 1. HP: 22/22 MP: 0/0
    52 | D:1      | Found Asososur's Weapon Emporium.
   287 | D:1      | Reached XP level 2. HP: 29/29 MP: 1/1
   996 | D:2      | You fall into a shaft and drop 2 floors!
  1062 | D:4      | Reached XP level 3. HP: 36/36 MP: 2/2
  1069 | D:4      | Found Kirob's Antique Weapon Emporium.
  1071 | D:4      | Noticed a black bear
  1092 | D:4      | Killed a black bear
  1093 | D:4      | Reached skill level 1 in Throwing
  1093 | D:4      | Reached skill level 4 in Unarmed Combat
  1093 | D:4      | Reached XP level 4. HP: 39/45 MP: 3/3
  1093 | D:4      | Reached XP level 5. HP: 46/53 MP: 4/4
  1098 | D:4      | Reached ** piety under Trog
  1298 | D:4      | Identified the +1 robe of the Flute {rElec rC+ Stlth+}
  1323 | D:4      | Noticed a water moccasin
  1333 | D:4      | Killed a water moccasin
  1334 | D:4      | Reached XP level 6. HP: 19/62 MP: 5/5
  1338 | D:4      | HP: 3/62 [poisoned by a water moccasin]
  1343 | D:4      | HP: 2/62 [poisoned by a water moccasin]
  1945 | D:2      | Found Sodisist's One-of-a-Kind Rings.
  2002 | D:2      | Noticed Robin
  2030 | D:2      | Reached skill level 5 in Unarmed Combat
  2056 | D:2      | Killed Robin
  2249 | D:2      | Found a faded altar of an unknown god.
  2277 | D:2      | Noticed Natasha
  2291 | D:2      | Killed Natasha
  2898 | D:3      | Reached *** piety under Trog
  3310 | D:4      | Reached XP level 7. HP: 64/70 MP: 6/6
  3649 | D:5      | Entered Level 5 of the Dungeon
  3665 | D:5      | Slain by a gnoll

Illustrated notes

Levels and vault maps discovered:
D:1:      minmay_arrival_arboretum_small, layout_basic, serial_shops,
          nicolae_shop_bloodbath_and_beyond, kennysheep_minor_cross,
          minmay_pentomino_u2
D:2:      layout_loops_corners, ebering_ecumenical_altar_rust,
          nicolae_shop_unique_rings, hangedman_decor_growths,
          grunt_decor_mini_mirrors, uniq_robin, uniq_natasha
D:3:      layout_loops_ring
D:4:      layout_layer_cave, serial_shops,
          nicolae_shop_competitors_out_of_business
D:5:      layout_rooms, enter_ossuary_4, portal_sewer_entry_b

Skill      XL: |  1  2  3  4  5  6 |
---------------+-------------------+-----
Fighting       | 3 4 |  4.3
Throwing       | 1 2 3 |  3.4
Dodging        | 3 |  3.0
Unarmed Combat | 4 5 |  5.4

Action                   |  1- 3 |  4- 6 |  7- 9 || total
-------------------------+-------+-------+-------++-------
Melee: Unarmed           |    53 |   141 |    14 ||   208
       Punch             |     1 |       |       ||     1
Throw: Boomerang         |     4 |    10 |     7 ||    21
Invok: Berserk           |     1 |       |       ||     1
       Trog's Hand       |       |     1 |     1 ||     2
 Stab: Sleeping          |     1 |     7 |       ||     8
Armor: Animal skin       |    20 |     5 |       ||    25
       Robe              |       |    37 |     9 ||    46
       Skin              |       |     1 |       ||     1
Dodge: Dodged            |    25 |    54 |    12 ||    91

Table legend: (Time is in decaauts)
 A = Elapsed time spent in this place.
 B = Non-inter-level travel time spent in this place.
 C = Inter-level travel time spent in this place.
 D = Time resting spent in this place.
 E = Time spent auto-exploring this place.
 F = Levels seen in this place.
 G = Mean time per level.
                   A        B        C        D        E       F      G
               +--------+--------+--------+--------+--------+-----+--------+
         Total |   3663 |   3360 |    303 |    211 |   2517 |   5 |  732.6 |
       Dungeon |   3663 |   3360 |    303 |    211 |   2517 |   5 |  732.6 |
               +--------+--------+--------+--------+--------+-----+--------+

Top non-repeatable levels by time:
     D:4: 1164 daAuts
     D:2: 993 daAuts
     D:1: 880 daAuts
     D:3: 610 daAuts
     D:5: 14 daAuts
